 Dungeon Crawl Stone Soup version 0.30-a0-652-gcc886f7154 (webtiles) character file.

Game seed: 14481613693211480911

86 Dittersdorf the Shield-Bearer (level 4, -2/29 HPs)
             Began as a Gargoyle Fighter on Jan 17, 2023.
             Slain by a gnoll
             ... wielding a +0 spear
              (5 damage)
             ... on level 4 of the Dungeon.
             The game lasted 00:01:47 (1989 turns).

Dittersdorf the Shield-Bearer (Gargoyle Fighter)    Turns: 1989, Time: 00:01:48

Health: -2/29      AC: 10    Str: 22    XL:     4   Next: 49%
Magic:  4/4        EV:  9    Int:  8    God:
Gold:   90         SH:  4    Dex:  9    Spells: 3/3 levels left

rFire   . . .      SeeInvis .    a - +0 flail
rCold   . . .      Faith    .    c - +0 buckler
rNeg    + . .      Spirit   .    b - +0 scale mail
rPois   ∞          Reflect  .    (no helmet)
rElec   +          Harm     .    (no cloak)
rCorr   .          Rampage  .    (no gloves)
Will    .....                    (no boots) Stlth
                                 (no amulet)
HPRegen 0.24/turn                (no ring)
MPRegen 0.09/turn                (no ring)

@: no status effects
A: sickness immunity, AC +3, negative energy resistance 1, electricity
resistance, torment resistance 1, petrification resistance
a: no special abilities


You were on level 4 of the Dungeon.
You visited 1 branch of the dungeon, and saw 4 of its levels.

You collected 90 gold pieces.

Inventory:

Hand Weapons
 a - a +0 flail (weapon)
Armour
 b - a +0 scale mail (worn)
 c - a +0 buckler (worn)
Jewellery
 l - an amulet of reflection
 p - an amulet of magic regeneration
Wands
 n - a wand of iceblast (3)
Scrolls
 e - 2 scrolls of teleportation {unknown}
 g - a scroll of identify {unknown}
 i - 2 scrolls of blinking {unknown}
 j - a scroll of fear {unknown}
 k - a scroll of amnesia {unknown}
 m - a scroll of enchant armour {unknown}
 o - a scroll of noise {unknown}
 q - a scroll of fog {unknown}
Potions
 d - a potion of might
 f - a potion of brilliance {unknown}
 h - 2 potions of curing {unknown}


   Skills:
 + Level 4.0 Fighting
 + Level 2.8 Maces & Flails
 + Level 3.9 Armour
 + Level 4.1 Shields


You had 3 spell levels left.
You didn't know any spells.
Your spell library was empty.

Dungeon Overview and Level Annotations

Branches:
Dungeon (3/15)

Altars:

Annotations:
D:3 1 runed translucent door


Innate Abilities, Weirdness & Mutations

You are immune to sickness and miasma.
Your stone body is resilient. (AC +3)
You are immune to poison.
You resist negative energy. (rN+)
You are resistant to electric shocks. (rElec)
You are resistant to unholy torment.
You are immune to petrification.


Message History

You are too injured to fight recklessly!
You are too injured to fight recklessly!
You are too injured to fight recklessly!
You block the gnoll's attack. You block the kobold's attack.
You see here a +0 flail.
You sock the kobold!
You kill the kobold!
You hit the gnoll.
The gnoll is moderately wounded.
The gnoll barely misses you.
You hit the gnoll.
The gnoll is heavily wounded.
The gnoll closely misses you. The dart slug launches a dart at you.
The slug dart misses you.
You barely miss the gnoll.
The gnoll is heavily wounded.
The gnoll hits you from afar with a +0 spear.
The gnoll hits you but does no damage. x2; You block the gnoll's attack.
You hit the gnoll.
The gnoll is severely wounded.
The dart slug completely misses you.
The gnoll hits you from afar with a +0 spear!
* * * LOW HITPOINT WARNING * * *
The gnoll barely misses you.
You hit the gnoll.
The gnoll is almost dead.
The dart slug bites you but does no damage.
The gnoll hits you but does no damage. x2
You hit the dart slug.
The dart slug is moderately wounded.
The gnoll hits you but does no damage. x2
The dart slug bites you but does no damage.
You hit the dart slug.
The dart slug is severely wounded.
The gnoll closely misses you. The gnoll hits you but does no damage.
The dart slug launches a dart at you.
The slug dart hits you but does no damage.
The gnoll hits you from afar with a +0 spear.
You die...

.... ......
....##....###
##..........
...........##
#......w....# ..
............# ..#
.......g##w.##.#
##..).g@.....#
#...#.##.....#
##..........###
..#..........##
#.............##
#..............#
...............##
##...............#
....[.......##..#


You could see 2 gnolls and a dart slug.

Vanquished Creatures
  An adder (D:2)
  2 gnolls (D:4)
  5 ball pythons (D:1)
  4 endoplasms
  8 giant cockroaches
  6 goblins
  6 hobgoblins
  3 jackals (D:1)
  A quokka (D:2)
  7 bats
  A frilled lizard (D:1)
  4 kobolds
  4 rats
52 creatures vanquished.

Vanquished Creatures (others)
  4 plants (D:3)
4 creatures vanquished.

Grand Total: 56 creatures vanquished

Notes
Turn   | Place    | Note
-------+----------+-------------------------------------------
     0 | D:1      | Dittersdorf the Gargoyle Fighter began the quest for the
                  | Orb.
     0 | D:1      | Reached XP level 1. HP: 14/14 MP: 1/1
    92 | D:1      | Reached XP level 2. HP: 19/19 MP: 2/2
   391 | D:1      | Reached XP level 3. HP: 23/23 MP: 3/3
  1420 | D:2      | Reached XP level 4. HP: 29/29 MP: 4/4
  1900 | D:3      | Found a large runed translucent door.
  1950 | D:3      | You fall into a shaft and drop 1 floor!
  1951 | D:4      | yay!
  1989 | D:4      | Slain by a gnoll

Illustrated notes

...... ..... .
## .... .. ..
..$ .# #. ..
..# #. ##.
...##
##..#.#.....#
#....@.......
#............#
.....#....#.###
.... #...## #
.#. ..[.. #
....... .....##
......#


Turn 1951 on D:4: yay!

Levels and vault maps discovered:
D:1:      dpeg_arrival_rhombi, layout_basic, corexii_hall_statues_t,
          minmay_pentomino_r2
D:2:      layout_loops_corners
D:3:      layout_basic, ebering_ghost_disaster_area, nicolae_grassy_gnolls
D:4:      layout_cave_pools, lemuel_doored_altar, nrook_mini_backslash,
          minmay_strange_pillars

Skill      XL: |  1  2  3  4 |
---------------+-------------+-----
Shields        | 4 |  4.1
Fighting       | 4 |  4.0
Maces & Flails | |  2.8
Armour         | |  3.9

Action                   |  1- 3 |  4- 6 || total
-------------------------+-------+-------++-------
Melee: Flail             |   124 |    24 ||   148
Armor: Scale mail        |    78 |    17 ||    95
Dodge: Dodged            |    77 |    12 ||    89
Block: Buckler           |    34 |     9 ||    43

Table legend: (Time is in decaauts)
 A = Elapsed time spent in this place.
 B = Non-inter-level travel time spent in this place.
 C = Inter-level travel time spent in this place.
 D = Time resting spent in this place.
 E = Time spent auto-exploring this place.
 F = Levels seen in this place.
 G = Mean time per level.
                   A        B        C        D        E       F      G
               +--------+--------+--------+--------+--------+-----+--------+
         Total |   2036 |   1943 |     93 |     72 |   1518 |   4 |  509.0 |
       Dungeon |   2036 |   1943 |     93 |     72 |   1518 |   4 |  509.0 |
               +--------+--------+--------+--------+--------+-----+--------+

Top non-repeatable levels by time:
     D:1: 1118 daAuts
     D:2: 818 daAuts
     D:3: 54 daAuts
     D:4: 44 daAuts
